 Dungeon Sprint DCSS version 0.17-a0-1663-gb806841 (webtiles) character file.

358 Kidiri the Cudgeler (level 6, -18/71 HPs)
             Began as a Troll Berserker on Aug 16, 2015.
             Was a Priest of Trog.
             Demolished by a boulder beetle (41 damage)
             ... in the Dungeon (Sprint II: "The Violet Keep of Menkaure").
             The game lasted 00:01:19 (184 turns).

Kidiri the Cudgeler (Troll Berserker)                Turns: 184, Time: 00:01:19

Health: -18/71     AC:  5    Str: 28    XL:     6   Next: 37%
Magic:  5/5        EV: 12    Int: -2 (3) God:    Trog [***...]
Gold:   486        SH:  0    Dex:  9    Spells: 0 memorised, 5 levels left

rFire  . . .     SeeInvis .     a - +0 mace
rCold  . . .     Clarity  .     b - +0 animal skin
rNeg   . . .     SustAt   .     (no shield)
rPois  .         Gourm    +     (helmet restricted)
rElec  .         Spirit   .     (no cloak)
rCorr  .         Warding  .     (gloves unavailable)
rMut   .         NoTele   +     (boots unavailable)
MR     .....                    (no amulet)
Stlth  +.........               (no ring)
                                (no ring)

@: exhausted, slowed, lost intelligence, very slow, not resistant to hostile
enchantments, very unstealthy
A: unfitting armour, claws 3, fast metabolism 3, gourmand, regeneration 2,
shaggy fur 1, tough skin 2
a: Burn Spellbooks, Berserk, Trog's Hand, Renounce Religion


You were in the Dungeon.
You worshipped Trog.
Trog was most pleased with you.
You were not hungry.

You visited 1 branch You collected 486 gold pieces.

Inventory:

Hand weapons
 a - a +0 mace (weapon)
Armour
 b - a +0 animal skin (worn)
Scrolls
 i - a scroll of blinking
Potions
 d - a potion of curing
 e - a potion of heal wounds
 f - a potion of haste
 g - 2 potions of magic
 h - a potion of berserk rage
Comestibles
 c - 2 bread rations


   Skills:
 + Level 7.2 Fighting
 + Level 7.7 Maces & Flails
 + Level 6.9 Dodging


You had 5 spell levels left.
You didn't know any spells.

Dungeon Overview and Level Annotations

Branches:
Dungeon (1/1)

Altars:


Innate Abilities, Weirdness & Mutations

You are too large for most types of armour.
You have claws for hands.
Your metabolism is lightning-fast.
You like to eat raw meat.
You heal very quickly.
You are covered in fur (AC +1).
You have very tough skin (AC +2).


Message History

The boulder beetle stops rolling.
There is an open door here.
You thump the boulder beetle!
The boulder beetle is lightly wounded.
The boulder beetle misses you. The boulder beetle closely misses you.
You hit the boulder beetle but do no damage.
The boulder beetle is lightly wounded.
The boulder beetle curls into a ball and starts rolling!
The boulder beetle smashes into the boulder beetle!
The boulder beetle stops rolling.
You barely miss the boulder beetle.
The boulder beetle is heavily wounded.
You are no longer berserk.
You are exhausted.
You feel yourself slow down.
You sock the boulder beetle!
The boulder beetle is heavily wounded.
The boulder beetle bites you!!!
Ouch! That really hurt!
You die...

##+## ##.%.#
#%##..#
####%######
##.###+# #.##
#..###.##B.$#
+##.+.<@B#
#..###.##...#
##.# #+# #.##
### ##


You could see 2 boulder beetles.

Vanquished Creatures
  4 brain worms (D)
  4 worker ants (D)
8 creatures vanquished.

Notes
Turn   | Place    | Note
--------------------------------------------------------------
     0 | D        | Kidiri the Troll Berserker began the quest for the Orb.
     0 | D        | Reached XP level 1. HP: 22/22 MP: 0/0
     4 | D        | Noticed a worker ant
     4 | D        | Noticed a worker ant
     5 | D        | Noticed a worker ant
     6 | D        | Noticed a worker ant
     6 | D        | Killed a worker ant
     6 | D        | Reached skill level 3 in Fighting
     6 | D        | Reached XP level 2. HP: 31/31 MP: 1/1
     9 | D        | Killed a worker ant
     9 | D        | Acquired Trog's second power
     9 | D        | Reached skill level 4 in Fighting
     9 | D        | Reached XP level 3. HP: 39/39 MP: 2/2
    13 | D        | Killed a worker ant
    15 | D        | Killed a worker ant
    15 | D        | Reached skill level 5 in Maces & Flails
    15 | D        | Reached XP level 4. HP: 39/49 MP: 3/3
    60 | D        | Noticed a brain worm
    64 | D        | Killed a brain worm
    64 | D        | Reached skill level 5 in Fighting
    64 | D        | Reached skill level 6 in Maces & Flails
    64 | D        | Reached skill level 5 in Dodging
    64 | D        | Reached XP level 5. HP: 58/58 MP: 4/4
    66 | D        | Noticed a brain worm
    66 | D        | Noticed a brain worm
    67 | D        | Noticed a brain worm
    69 | D        | Lost intelligence.
    78 | D        | Killed a brain worm
    87 | D        | Killed a brain worm
    87 | D        | Reached skill level 7 in Maces & Flails
    87 | D        | Reached XP level 6. HP: 52/68 MP: 5/5
    93 | D        | Killed a brain worm
   178 | D        | Noticed a boulder beetle
   178 | D        | Noticed a boulder beetle
   184 | D        | Demolished by a boulder beetle

Vault maps used:
D:        the_violet_keep_of_menkaure

Action                   |  1- 3 |  4- 6 || total
-------------------------+-------+-------++-------
Melee: Mace              |    10 |    25 ||    35
Invok: Berserk           |     1 |     2 ||     3
  Eat: Chunk             |       |     4 ||     4
